 Dungeon Crawl Stone Soup version 0.17.0-23-g0de4337 (webtiles) character file.

46 yokelz the Firebug (level 3, -1/19 HPs)
             Began as a Deep Elf Fire Elementalist on Nov 14, 2015.
             Slain by Fv001's ghost (6 damage)
             ... on level 3 of the Dungeon.
             The game lasted 00:03:04 (804 turns).

yokelz the Firebug (Deep Elf Fire Elementalist)      Turns: 804, Time: 00:03:04

Health: -1/19      AC:  2    Str:  5    XL:     3   Next: 46%
Magic:  4/10       EV: 13    Int: 20    God:
Gold:   32         SH:  0    Dex: 15    Spells: 1 memorised, 8 levels left

rFire  . . .     SeeInvis .     d - +0 short sword
rCold  . . .     Clarity  .     a - +0 robe
rNeg   . . .     SustAt   .     (no shield)
rPois  .         Gourm    .     (no helmet)
rElec  .         Spirit   .     (no cloak)
rCorr  .         Warding  .     (no gloves)
rMut   .         Rnd*Tele +     (no boots)
MR     .....                    (no amulet)
Stlth  ++........               (no ring)
                                k - ring of teleportation (curse)

@: not resistant to hostile enchantments, unstealthy
A: no striking features
a: Evoke Teleportation


You were on level 3 of the Dungeon.
You were not hungry.

You visited 1 branch of the dungeon, and saw 3 of its levels.

You collected 32 gold pieces.


   Skills:
 - Level 2.4 Dodging
 - Level 2.4 Stealth
 + Level 3.7 Spellcasting
 + Level 1.8 Conjurations
 * Level 4.3 Fire Magic


You had 8 spell levels left.
You knew the following spells:

 Your Spells              Type           Power        Failure   Level  Hunger
a - Flame Tongue          Conj/Fire      ###..        3%          1    None

Inventory:

Hand Weapons
 d - a +0 short sword (weapon)
 f - a +0 club
 h - a +0 hand axe
Armour
 a - a +0 robe (worn)
Jewellery
 k - a cursed ring of teleportation (left hand)
Potions
 i - a potion of flight
Books
 b - a book of Flames

   Spells                             Type                      Level
   a - Flame Tongue                   Conjuration/Fire             1
   b - Throw Flame                    Conjuration/Fire             2
   c - Conjure Flame                  Conjuration/Fire             3
   d - Inner Flame                    Hexes/Fire                   3
   e - Sticky Flame                   Conjuration/Fire             4
   f - Fireball                       Conjuration/Fire             5
Comestibles
 c - a bread ration

#....(...(.....#####
#...o
###.....(.(......W...#
#...#
............#..#####.#
#.... ##†###....###..#
#.# #..... #.#
####.###..# #.#
......# ##.# #......#
#.# .#.##.# ..<#
######.# #.# #. #.
##.# #...#####.# #.#
#....@W...# #.#
#.######### #.# #.#
#.# #.# #.# #.# ...
#b# .######b#
........##########
.......b..........


You could see Fv001's ghost.


Message History

The flame tongue hits Fv001's ghost.
Fv001's ghost is lightly damaged.
Your magical contamination has completely faded away.
Aiming: Flame Tongue
Aim: Fv001's ghost (lightly damaged)
The flame tongue hits Fv001's ghost.
Fv001's ghost is moderately damaged.
Fv001's ghost barely misses you.
Aiming: Flame Tongue
Aim: Fv001's ghost (moderately damaged)
The flame tongue hits Fv001's ghost.
Fv001's ghost is moderately damaged.
Fv001's ghost hits you!
* * * LOW HITPOINT WARNING * * *
Aiming: Flame Tongue
Aim: Fv001's ghost (moderately damaged)
The flame tongue hits Fv001's ghost.
Fv001's ghost appears unharmed.
Fv001's ghost is moderately damaged.
Fv001's ghost barely misses you.
Aiming: Flame Tongue
Aim: Fv001's ghost (moderately damaged)
The flame tongue hits Fv001's ghost.
Fv001's ghost is heavily damaged.
Fv001's ghost completely misses you.
Aiming: Flame Tongue
Aim: Fv001's ghost (heavily damaged)
The flame tongue hits Fv001's ghost.
Fv001's ghost is severely damaged.
Fv001's ghost hits you.
You die...

Action                   || total
-------------------------++-------
Melee: Club              ||     1
       Short sword       ||     3
 Cast: Flame Tongue      ||    50
  Use: Potion            ||     3
       Scroll            ||     2

Vault maps used:
D:1:      minmay_arrival_four_circles, grunt_decor_mini_mirrors
D:3:      nicolae_overflow_crystal_walls, kennysheep_jessica_study

Notes
Turn   | Place    | Note
--------------------------------------------------------------
     0 | D:1      | yokelz the Deep Elf Fire Elementalist began the quest for the Orb.
     0 | D:1      | Reached XP level 1. HP: 10/10 MP: 6/6
   257 | D:1      | Reached XP level 2. HP: 15/15 MP: 4/8
   577 | D:3      | Reached skill level 4 in Fire Magic
   577 | D:3      | Reached XP level 3. HP: 8/19 MP: 0/10
   611 | D:3      | Noticed Fv001's ghost (amateur DDFi)
   804 | D:3      | Slain by Fv001's ghost

Vanquished Creatures
  An adder (D:3)
  An ooze (D:1)
  A worm (D:3)
  A giant gecko (D:1)
  4 orcs (D:3)
  A giant cockroach (D:1)
  6 hobgoblins
  2 bats (D:1)
  A giant newt (D:1)
  4 goblins
  2 rats (D:1)
24 creatures vanquished.
